 Dungeon Crawl Stone Soup version 0.21-a0-142-gdd972a7 (webtiles) character file.

10637 tilp the Arsonist (level 11, -3/95 HPs)
             Began as a Hill Orc Fire Elementalist on July 21, 2017.
             Was a High Priest of Okawaru.
             Slain by a troll (6 damage)
             ... on level 11 of the Dungeon on July 22, 2017.
             The game lasted 01:10:17 (19281 turns).

tilp the Arsonist (Hill Orc Fire Elementalist)     Turns: 19281, Time: 01:10:17

Health: -3/95      AC: 10    Str: 16    XL:     11   Next: 65%
Magic:  10/14      EV: 15    Int: 21    God:    Okawaru [*****.]
Gold:   585        SH:  4    Dex: 13    Spells: 1/14 levels left

rFire    . . .     SeeInvis +   R - +1 trident of Woudacru {flame, Str+4}
rCold    . . .     Gourm    +   u - +0 buckler
rNeg     . . .     Faith    .   o - +2 robe of Lucidity {+Inv rElec Dex-2 SInv}
rPois    +         Spirit   .   O - +2 hat
rElec    +         Reflect  .   (no cloak)
rCorr    .         Harm     .   j - +0 pair of gloves
MR       .....                  r - +0 pair of boots
Stlth    ++........             U - amulet of the gourmand
HPRegen  0.25/turn              s - ring of poison resistance
MPRegen  0.14/turn              C - +3 ring of intelligence

@: studying Transmutations
A: iridescent scales 1, agile 2
a: Heroism, Finesse, Renounce Religion, Evoke Invisibility


You were on level 11 of the Dungeon.
You worshipped Okawaru.
Okawaru was extremely pleased with you.
You were not hungry.

You visited 2 branches of the dungeon, and saw 12 of its levels.

You collected 585 gold pieces.

Inventory:

Hand Weapons
 z - a +3 war axe
 G - a +2 mace of holy wrath
 R - the +1 trident of Woudacru (weapon) {flame, Str+4}
   (You found it on level 8 of the Dungeon)

   It has been specially enchanted to burn those struck by it, causing extra
   injury to most foes and up to half again as much damage against particularly
   susceptible opponents.
   It affects your strength (+4).
 X - a cursed -1 dagger
Missiles
 t - 65 poisoned needles
 D - 6 javelins (quivered)
Armour
 j - a +0 pair of gloves (worn)
 o - the +2 robe of Lucidity (worn) {+Inv rElec Dex-2 SInv}
   (You found it on level 5 of the Dungeon)

   It affects your dexterity (-2).
   It insulates you from electricity.
   It lets you see invisible.
   It lets you turn invisible.
 p - a +1 robe of magic resistance
 q - a +0 troll leather armour
 r - a +0 pair of boots (worn)
 u - a +0 buckler (worn)
 O - a +2 hat (worn)
Jewellery
 s - a ring of poison resistance (left hand)
 v - an uncursed ring of resist corrosion
 C - a +3 ring of intelligence (right hand)
 F - an uncursed ring of protection from cold
 U - an amulet of the gourmand (around neck)
Wands
 a - a wand of enslavement (15/24)
 M - a wand of polymorph (9/24)
 Q - a wand of scattershot (4/9)
 V - a wand of lightning (8/15)
 Z - a wand of iceblast (4/15)
Scrolls
 d - 2 scrolls of enchant weapon {unknown}
 e - a scroll of blinking
 g - a scroll of fog
 n - 5 scrolls of magic mapping
 x - a scroll of amnesia {unknown}
 y - a scroll of holy word {unknown}
 E - 2 scrolls of recharging
 I - 2 scrolls of teleportation {unknown}
 K - a scroll of remove curse
 S - a scroll of noise {unknown}
 Y - 3 scrolls of immolation {unknown}
Potions
 f - a potion of invisibility
 h - 2 potions of agility
 i - 3 potions of mutation
 k - 3 potions of cancellation
 l - 2 potions of resistance
 m - 4 potions of brilliance
 w - a potion of heal wounds {unknown}
 A - 2 potions of flight
 B - a potion of magic {unknown}
 W - a potion of degeneration {unknown}
Books
 b - a book of Flames

   Spells                             Type                      Level
   a - Flame Tongue                   Conjuration/Fire             1
   b - Throw Flame                    Conjuration/Fire             2
   c - Conjure Flame                  Conjuration/Fire             3
   d - Inner Flame                    Hexes/Fire                   3
   e - Sticky Flame                   Conjuration/Fire             4
   f - Fireball                       Conjuration/Fire             5
 N - a book of Minor Magic

   Spells                             Type                      Level
   a - Magic Dart                     Conjuration                  1
   b - Blink                          Translocation                2
   c - Call Imp                       Summoning                    2
   d - Slow                           Hexes                        2
   e - Conjure Flame                  Conjuration/Fire             3
   f - Mephitic Cloud                 Conjuration/Poison/Air       3
 T - a manual of Transmutations
Comestibles
 c - a bread ration
 L - 7 meat rations


   Skills:
 + Level 8.6 Fighting
 + Level 6.7 Dodging
 - Level 1.5 Stealth
 + Level 1.5 Shields
 - Level 2.1 Spellcasting
 * Level 10.5 Conjurations
 * Level 11.2 Fire Magic


You had one spell level left.
You knew the following spells:

 Your Spells              Type           Power        Failure   Level  Hunger
a - Flame Tongue          Conj/Fire      #####        1%          1    #......
b - Throw Flame           Conj/Fire      #####.       1%          2    ##.....
c - Conjure Flame         Conj/Fire      #####...     1%          3    ###....
d - Sticky Flame          Conj/Fire      #####...     2%          4    #####..
e - Animate Skeleton      Necr           N/A          21%         1    #......
f - Apportation           Tloc           #.....       21%         1    #......
g - Summon Small Mammal   Summ           #...         21%         1    #......


Dungeon Overview and Level Annotations

Branches:
Dungeon (11/15)            Temple (1/1) D:6            Lair (0/6) D:9
    Orc: D:9-12

Altars:
Ashenzari
Cheibriados
Dithmenos
Elyvilon
Fedhas
Gozag
Hepliaklqana
Kikubaaqudgha
Makhleb
Nemelex Xobeh
Okawaru
Qazlal
Ru
Sif Muna
Trog
Uskayaw
Vehumet
Wu Jian
Xom
Yredelemnul
Zin
The Shining One

Annotations:
D:3 1 runed door


Innate Abilities, Weirdness & Mutations

You are partially covered in iridescent scales. (AC +2)
You are very agile. (Dex +4)


Message History

The troll bites you! The troll claws you! The troll barely misses you.
Casting: Flame Tongue
Confirm with . or Enter, or press ? or * to list all spells.
Aiming: Sticky Flame
Press: ? - help, Shift-Dir - straight line, f - troll
Aim: a troll (heavily wounded)
The sticky flame hits the troll.
The troll is severely wounded.
The troll is covered in liquid flames!
The troll burns!
The troll barely misses you. The troll claws you! You block the troll's attack.
Your shield prevents you from hitting the troll.
The troll is severely wounded.
The troll burns!
The troll bites you!
* * * LOW HITPOINT WARNING * * *
The troll closely misses you. The troll claws you!
* * * LOW HITPOINT WARNING * * *
The troll barely misses you. The troll claws you!
* * * LOW HITPOINT WARNING * * *
The troll claws you.
You die...

#..[..T...#
#.........#
#.........#
#.........#
###.......##
#..........##
#.######....##
#..T...#..#
#.###.@.../.#..#
.............##.#
#..###..........#
# #.......####
#.......#
#######..# #.# .#
..


You could see a troll (burning).

Vanquished Creatures
  2 two-headed ogres
  A centaur zombie (D:10)
  Psyche (D:9)
  2 centaur skeletons
  2 gargoyles (D:10)
  3 trolls
  Prince Ribbit (D:6)
  3 hippogriffs
  A wraith (D:10)
  A shadow (D:9)
  3 wargs (D:9)
  Edmund (D:6)
  A sky beast (D:8)
  5 orc warriors
  7 ogres
  An ice beast (D:10)
  A black bear (D:10)
  7 phantoms
  A necrophage (D:8)
  6 centaurs
  A crocodile (D:10)
  7 bullfrogs
  3 scorpions
  A water moccasin skeleton (D:7)
  3 killer bees (D:9)
  2 howler monkeys
  5 wights (D:8)
  The ghost of p0werm0de the Gusty, a weakling OpAE (D:3)
  4 bullfrog zombies
  4 crimson imps
  6 orc priests
  7 hounds
  3 jellies
  A bullfrog skeleton (D:10)
  3 iguanas
  10 orc wizards
  7 worker ants
  2 hound zombies
  3 hound skeletons
  A howler monkey zombie (D:9)
  11 gnolls
  A howler monkey skeleton (D:8)
  15 adders
  5 shadow imps
  2 oozes
  3 adder skeletons
  4 worms
  5 leopard geckos
  41 orcs
  5 giant cockroaches
  3 goblins
  3 hobgoblins
  12 jackals
  3 quokkas
  2 ball pythons
  7 bats
  4 frilled lizards
  5 kobolds
  A leopard gecko skeleton (D:7)
  A quokka skeleton (D:4)
  13 rats
270 creatures vanquished.

Vanquished Creatures (collateral kills)
  A killer bee (D:9)
  A crimson imp (D:9)
  A quasit (D:9)
  An adder (D:9)
4 creatures vanquished.

Grand Total: 274 creatures vanquished

Notes
Turn   | Place    | Note
-------+----------+-------------------------------------------
     0 | D:1      | tilp the Hill Orc Fire Elementalist began the quest for the Orb.
     0 | D:1      | Reached XP level 1. HP: 14/14 MP: 3/3
   370 | D:1      | Reached XP level 2. HP: 20/20 MP: 3/5
  1601 | D:2      | Reached XP level 3. HP: 26/26 MP: 6/6
  2543 | D:2      | Learned a level 2 spell: Throw Flame
  2547 | D:2      | Learned a level 3 spell: Conjure Flame
  2926 | D:3      | Reached XP level 4. HP: 33/33 MP: 7/7
  3355 | D:3      | Noticed an ogre
  3369 | D:3      | Killed an ogre
  3369 | D:3      | Reached XP level 5. HP: 9/38 MP: 0/8
  3661 | D:3      | Found a runed door.
  4143 | D:3      | Noticed p0werm0de's ghost (weakling OpAE)
  4147 | D:3      | Killed p0werm0de's ghost
  4147 | D:3      | Reached XP level 6. HP: 34/46 MP: 1/9
  4499 | D:3      | Reached skill level 1 in Fighting
  4724 | D:4      | Found a glowing silver altar of Zin.
  5294 | D:4      | Reached skill level 4 in Fire Magic
  5567 | D:4      | Noticed a phantom
  5591 | D:4      | Killed a phantom
  5855 | D:4      | Noticed a phantom
  5867 | D:4      | Killed a phantom
  5867 | D:4      | Reached XP level 7. HP: 55/55 MP: 6/10
  5921 | D:4      | Reached skill level 5 in Fire Magic
  5963 | D:4      | Learned a level 4 spell: Sticky Flame
  6779 | D:5      | Entered Level 5 of the Dungeon
  6913 | D:5      | Reached skill level 5 in Conjurations
  6917 | D:5      | Reached XP level 8. HP: 63/63 MP: 2/11
  7469 | D:5      | Reached skill level 6 in Fire Magic
  7555 | D:5      | Got a smoking robe
  7566 | D:5      | Identified the +2 robe of Lucidity {+Inv rElec Dex-2 SInv} (You found it on level 5 of the Dungeon)
  8081 | D:5      | Found a glowing golden altar of the Shining One.
  8836 | D:6      | Found a shattered altar of Ashenzari.
  8836 | D:6      | Noticed Prince Ribbit
  9082 | D:6      | Noticed Edmund
  9135 | D:6      | Killed Edmund
  9135 | D:6      | Reached skill level 7 in Fire Magic
  9135 | D:6      | Reached XP level 9. HP: 55/72 MP: 1/12
  9496 | D:6      | Killed Prince Ribbit
  9496 | D:6      | Reached skill level 5 in Fighting
 10134 | D:6      | Found a staircase to the Ecumenical Temple.
 10144 | Temple   | Entered the Ecumenical Temple
 10220 | Temple   | Became a worshipper of Warmaster Okawaru
 10851 | D:7      | Found a hazy altar of Hepliaklqana.
 10900 | D:7      | Learned a level 1 spell: Animate Skeleton
 10902 | D:7      | Learned a level 1 spell: Apportation
 10980 | D:7      | Reached skill level 5 in Dodging
 11238 | D:7      | Reached skill level 8 in Fire Magic
 11964 | D:8      | Reached * piety under Okawaru
 11970 | D:8      | Reached XP level 10. HP: 84/84 MP: 0/13
 12334 | D:8      | Found a sacrificial altar of Ru.
 12645 | D:8      | Got a brightly glowing trident
 12646 | D:8      | Identified the +1 trident of Woudacru {flame, Str+4} (You found it on level 8 of the Dungeon)
 12682 | D:8      | Reached skill level 9 in Fire Magic
 12833 | D:8      | Found a snail-covered altar of Cheibriados.
 13349 | D:8      | Learned a level 1 spell: Summon Small Mammal
 13393 | D:8      | Gained mutation: You are agile. (Dex +2) [mutagenic meat]
 13394 | D:8      | Gained mutation: You are partially covered in iridescent scales. (AC +2) [mutagenic meat]
 13396 | D:8      | Gained mutation: You are very agile. (Dex +4) [mutagenic meat]
 13796 | D:9      | Noticed Psyche
 13841 | D:9      | Killed Psyche
 13841 | D:9      | Reached ** piety under Okawaru
 14176 | D:9      | Found a staircase to the Lair.
 14512 | D:9      | Reached skill level 10 in Fire Magic
 14703 | D:9      | Found a sparkling altar of Nemelex Xobeh.
 14703 | D:9      | Found a stormy altar of Qazlal.
 15256 | D:9      | Noticed a two-headed ogre
 15276 | D:9      | Killed a two-headed ogre
 15276 | D:9      | Reached *** piety under Okawaru
 15276 | D:9      | Reached XP level 11. HP: 94/94 MP: 8/14
 16128 | D:10     | Entered Level 10 of the Dungeon
 16748 | D:10     | Noticed a two-headed ogre
 17059 | D:10     | Reached **** piety under Okawaru
 17180 | D:10     | Reached skill level 10 in Conjurations
 17585 | D:10     | Killed a two-headed ogre
 17639 | D:10     | Upgraded the game from 0.21-a0-140-g479285b to 0.21-a0-142-gdd972a7
 17900 | D:10     | Reached skill level 11 in Fire Magic
 18095 | D:10     | Reached ***** piety under Okawaru
 18382 | D:10     | Reached skill level 1 in Shields
 18696 | D:10     | HP: 1/95 [wraith (6)]
 19281 | D:11     | HP: 3/95 [troll (8)]
 19281 | D:11     | Slain by a troll

Vault maps used:
D:1:      evilmike_arrival_fibonacci_small, serial_glass, glass_columns_a,
          glass_columns_b, serial_bayou_pond_d, minmay_pentomino_r2
D:2:      first_bread
D:3:      uniq_crazy_yiuf_cottage
D:4:      kennysheep_little_box
D:5:      tso_metal_star
D:6:      cheibrodos_ashenzari_chains, minmay_temple_entry_purple_smoke,
          st_stairs_12, uniq_prince_ribbit1, uniq_edmund
D:7:      lemuel_round_altar, grunt_ogre_cave
D:8:      cheibrodos_elevator_heist, nicolae_overflow_hidden_temple,
          nicolae_ru_great_annihilating_truth
D:9:      minitemple, erik_lair_orcish_takeover, uniq_psyche
Temple:   regret_index_temple_waves

Skill      XL: |  1  2  3  4  5  6  7  8  9 10 11 |
---------------+----------------------------------+-----
Spellcasting   | 2 |  2.1
Dodging        | 2 3 4 5 6 |  6.7
Conjurations   | 2 3 4 5 6 8 9 10 | 10.5
Fighting       | 2 3 4 6 7 8 |  8.6
Fire Magic     | 4 5 7 8 10 11 | 11.2
Shields        | 1 |  1.5
Stealth        | |  1.5

Action                   |  1- 3 |  4- 6 |  7- 9 | 10-12 || total
-------------------------+-------+-------+-------+-------++-------
Melee: Dagger            |   173 |   173 |     1 |       ||   347
       Mace              |       |       |   243 |    36 ||   279
       Trident           |       |       |       |   438 ||   438
Throw: Stone             |     2 |       |       |       ||     2
       Javelin           |       |    25 |    62 |     7 ||    94
 Cast: Flame Tongue      |    51 |    52 |   133 |   150 ||   386
       Throw Flame       |       |     6 |     7 |     4 ||    17
       Conjure Flame     |       |     6 |    17 |    20 ||    43
       Sticky Flame      |       |       |     8 |    14 ||    22
       Animate Skeleton  |       |       |     5 |     5 ||    10
Invok: Heroism           |       |       |       |     1 ||     1
  Use: Potion            |     1 |     2 |       |     8 ||    11
       Scroll            |       |       |     9 |     5 ||    14
 Stab: Sleeping          |     3 |       |     1 |     2 ||     6
       Distracted        |       |       |     1 |     1 ||     2
       Paralysed         |       |       |       |     1 ||     1
  Eat: Chunk             |     3 |    10 |    14 |    17 ||    44
       Bread ration      |     1 |       |     2 |     4 ||     7
       Fruit             |       |     2 |     2 |       ||     4
       Royal jelly       |       |       |       |     2 ||     2
Armor: Robe              |    53 |       |    46 |   147 ||   246
       Leather armour    |     4 |    49 |    15 |       ||    68
       Skin              |     1 |    22 |       |     5 ||    28
Dodge: Dodged            |   125 |    80 |   190 |   329 ||   724
Block: Buckler           |       |    22 |    39 |    70 ||   131
